 Dungeon Crawl Stone Soup version 0.30-a0-166-g5d06c95188 (webtiles) character file.

Game seed: 5798848241835460805

180051 qw the Peltast (level 18, -4/120 HPs)
             Began as a Gargoyle Fighter on Sept 28, 2022.
             Was a High Priest of Okawaru.
             Slain by the 26-headed Lernaean hydra (8 damage)
             ... on level 4 of the Swamp.
             The game lasted 00:12:51 (26767 turns).

qw the Peltast (Gargoyle Fighter)                  Turns: 26767, Time: 00:12:52

Health: -4/120     AC: 52    Str: 44    XL:     18   Next: 25%
Magic:  16/16      EV: 11    Int:  8    God:    Okawaru [*****.]
Gold:   1222       SH: 22    Dex:  9    Spells: 17/17 levels left

rFire   + + +      SeeInvis +    l - +6 war axe (spect)
rCold   + . .      Faith    .    D - +0 tower shield
rNeg    + + +      Spirit   .    b - +7 plate armour {Will+}
rPois   inf        Reflect  .    y - +0 hat "Iweile" {rF++ rCorr MP-9 Str+4}
rElec   +          Harm     .    q - +2 cloak of the Meadowlark {rF+}
rCorr   +          Rampage  .    C - +1 pair of gloves of Action {Str+3}
Will    +++..                    F - +0 pair of boots {Stlth+}
Stlth   ..........               e - amulet of regeneration
HPRegen 1.10/turn                f - ring "Saqelymofeh" {rN++ Will+ Str+6 Int-2 SInv}
MPRegen 0.15/turn                B - ring "Qoipn" {rC+ Str+4 Slay+4 Stlth-}

@: about to teleport, heroic, flying
A: sickness immunity, AC +13, big wings, negative energy resistance 1,
electricity resistance, torment resistance 1, petrification resistance,
iridescent scales 2
a: Renounce Religion, Heroism, Finesse, Duel


You were on level 4 of the Swamp.
You worshipped Okawaru.
Okawaru was extremely pleased with you.
You visited 6 branches of the dungeon, and saw 30 of its levels.
You also visited: Sewer.

You collected 3579 gold pieces.
You spent 2357 gold pieces at shops.


Innate Abilities, Weirdness & Mutations

You are immune to sickness and miasma.
Your stone body is resilient. (AC +13)
You are immune to poison.
Your large and strong wings let you fly.
You resist negative energy. (rN+)
You are resistant to electric shocks. (rElec)
You are resistant to unholy torment.
You are immune to petrification.
You are mostly covered in iridescent scales. (AC +4)


   Skills:
 - Level 16.0(21.0) Fighting
 - Level 16.0(21.0) Axes
 - Level 3.0(8.0) Throwing
 + Level 14.4(19.4) Armour
 - Level 4.1(9.1) Dodging
 - Level 19.0(24.0) Shields
 - Level 10.0 Invocations


You had 17 spell levels left.
You didn't know any spells.
Your spell library was empty.

Inventory:

Hand Weapons
 l - a +6 spectral war axe (weapon)
Missiles
 w - 5 boomerangs (quivered)
Armour
 b - a +7 plate armour of willpower (worn)
 i - a +2 helmet of see invisible
 q - the +2 cloak of the Meadowlark (worn) {rF+}
   (You found it on level 3 of the Dungeon)

   rF:        It protects you from fire.
 t - the +2 scale mail "Gynuyw" {rN+ rCorr Str+4 Dex-4}
   (Okawaru gifted it to you on level 10 of the Dungeon)

   Str:       It affects your strength (+4).
   Dex:       It affects your dexterity (-4).
   rN:        It protects you from negative energy.
   rCorr:     It protects you from acid and corrosion.
 u - a +2 plate armour of fire resistance
 x - the +1 hat of Isu Rof {Regen+}
   (Okawaru gifted it to you on level 5 of the Lair of Beasts)

   Regen:     It increases your rate of health regeneration.
 y - the +0 hat "Iweile" (worn) {rF++ rCorr MP-9 Str+4}
   (Okawaru gifted it to you on level 5 of the Lair of Beasts)

   Str:       It affects your strength (+4).
   rF:        It greatly protects you from fire.
   MP:        It affects your magic capacity (-9).
   rCorr:     It protects you from acid and corrosion.
 C - the +1 pair of gloves of Action (worn) {Str+3}
   (Okawaru gifted it to you on level 12 of the Dungeon)

   Str:       It affects your strength (+3).
 D - a +0 tower shield (worn)
 F - a +0 pair of boots of stealth (worn)
Jewellery
 e - an amulet of regeneration (around neck)
 f - the ring "Saqelymofeh" (left hand) {rN++ Will+ Str+6 Int-2 SInv}
   (You found it on level 8 of the Dungeon)

   [ring of strength]

   Str:       It affects your strength (+6).
   Int:       It affects your intelligence (-2).
   rN:        It greatly protects you from negative energy.
   SInv:      It lets you see invisible.
   Will:      It increases your willpower.
 o - the ring "Civuth" {Contam Fly rN+ AC+4}
   (You found it on level 8 of the Dungeon)

   [ring of protection]

   AC:        It affects your AC (+4).
   rN:        It protects you from negative energy.
   Fly:       It grants you flight.
   Contam:    It causes magical contamination when unequipped.
 s - a ring of resist corrosion
 z - a ring of ice
 B - the ring "Qoipn" (right hand) {rC+ Str+4 Slay+4 Stlth-}
   (You found it on level 8 of the Dungeon)

   [ring of slaying]

   Str:       It affects your strength (+4).
   Slay:      It affects your accuracy & damage with ranged weapons and melee
   (+4).
   rC:        It protects you from cold.
   Stlth:     It makes you less stealthy.
 E - a ring of protection from fire
Scrolls
 g - 6 scrolls of teleportation
 m - 13 scrolls of identify
 v - a scroll of brand weapon
Potions
 a - 17 potions of curing
 d - 6 potions of might
 h - 9 potions of lignification
 j - 5 potions of haste
 k - 5 potions of mutation
 n - 9 potions of resistance
 p - 2 potions of heal wounds
 r - 3 potions of magic
 A - a potion of cancellation
 G - 2 potions of attraction

Dungeon Overview and Level Annotations

Branches:
Dungeon (15/15)            Temple (1/1) D:6            Lair (5/5) D:10
  Swamp (4/4) Lair:3        Snake (3/4) Lair:2        Slime (0/5) Lair:5
    Orc (2/2) D:11            Elf (0/3) Orc:2        Vaults (0/5) D:13
 Depths (0/4) D:15          Sewer (visited)

Altars:
Ashenzari
Cheibriados
Dithmenos
Elyvilon
Fedhas
Gozag
Hepliaklqana
Kikubaaqudgha
Makhleb
Nemelex Xobeh
Okawaru
Qazlal
Ru
Sif Muna
Trog
Uskayaw
Vehumet
Wu Jian
Xom
Yredelemnul
Zin
The Shining One
Jiyva

Shops:
D:2 *   D:14 *   Orc:1 (   Orc:2 (*:*[   Snake:2 *

Portals:
Abyss: Lair:1
Pandemonium: Orc:2

Annotations:
D:8 2 runed translucent doors
Lair:1 2 transporters, qw's ghost, journeyman GrFi
Lair:4 3 runed translucent doors, qw's ghost, journeyman GrFi
Lair:5 3 runed translucent doors, qw's ghost, journeyman GrFi
Swamp:4 Lernaean hydra


Message History

The 26-headed Lernaean hydra closely misses you.
The 26-headed Lernaean hydra bites you but does no damage.
The 26-headed Lernaean hydra bites you!
The 26-headed Lernaean hydra completely misses you.
The 26-headed Lernaean hydra bites you but does no damage. x2
The 26-headed Lernaean hydra bites you.
The 26-headed Lernaean hydra bites you but does no damage.
The 26-headed Lernaean hydra bites you!
The 26-headed Lernaean hydra bites you but does no damage.
The 26-headed Lernaean hydra barely misses you.
The 26-headed Lernaean hydra bites you but does no damage.
You block the 26-headed Lernaean hydra's attack.
The 15-headed hydra bites you.
The 15-headed hydra bites you but does no damage. x3
You block the 15-headed hydra's attack.
The 15-headed hydra bites you but does no damage.
The 15-headed hydra closely misses you. x2
The 15-headed hydra bites you but does no damage. x3
The 15-headed hydra barely misses you.
The 15-headed hydra closely misses you. x2
The 15-headed hydra bites you but does no damage.
26767 ||| DRINKING 3 potions of heal wounds.
You feel much better.
You block the 15-headed hydra's attack. x3
The 15-headed hydra barely misses you. The 15-headed hydra closely misses you.
The 15-headed hydra bites you but does no damage.
You block the 15-headed hydra's attack. The 15-headed hydra bites you.
The 15-headed hydra bites you but does no damage.
The 15-headed hydra barely misses you.
The 15-headed hydra bites you but does no damage.
The 15-headed hydra bites you!
The 15-headed hydra bites you but does no damage.
The 15-headed hydra closely misses you. The 15-headed hydra bites you.
You block the 26-headed Lernaean hydra's attack.
The 26-headed Lernaean hydra bites you but does no damage.
The 26-headed Lernaean hydra barely misses you.
The 26-headed Lernaean hydra bites you but does no damage.
The 26-headed Lernaean hydra bites you!
The 26-headed Lernaean hydra bites you but does no damage. x4
The 26-headed Lernaean hydra bites you!
You die...

###77# ¤~~.~~# .~.2#~~##
.~#¤2~(## #.~#¤D#.##
~~.¤#DD.## #~~~#~#@¤#~##
~~.#~~###~~~## #~ ~
~~.##~~~~~~~~~#7
#.#¤7~#~#..~#~#.#~#.#7
#~.#~#~~~.~%~#.#~.~#~##
#.~~~~~~~~..%~.~~~.~~~##
#.~~##~~~#~~¤#~#.~~~~#~##
7~.~#.#.~~#~#...#~#~~.#.##
#~~~#..#~#~.~...~.~#~#...##


You could see the 26-headed Lernaean hydra, a 15-headed hydra, a five-headed
hydra and a green death.

Vanquished Creatures
  Mara (Swamp:3)
  A tentacled monstrosity (Swamp:4)
  A nagaraja (Snake:1)
  Kirke (Snake:3)
  A fenstrider witch (Swamp:2)
  Louise (D:14)
  Aizul (Snake:3)
  2 very ugly things (Swamp:4)
  Azrael (D:13)
  An eleionoma (Swamp:3)
  5 bunyips
  A dire elephant (D:15)
  A green death (Swamp:4)
  Snorg (Lair:5)
  Josephine (D:14)
  Fannar (D:11)
  Harold (D:10)
  17 hydras
  A merfolk avatar (Lair:5)
  5 anacondas
  2 demonspawn (Orc:2)
  5 ogre magi
  2 ghost crabs (Swamp:4)
  5 alligators
  Erica (D:8)
  11 two-headed ogres
  6 boulder beetles
  A tengu warrior (D:15)
  5 death yaks (Lair:5)
  5 naga warriors
  6 naga sharpshooters
  6 orc high priests (Orc:2)
  5 shock serpents
  2 salamander mystics (Snake:3)
  A soul eater (Orc:2)
  5 goliath frogs
  Lodul (D:14)
  A naga ritualist (Snake:2)
  4 swamp dragons
  2 sea snakes (Lair:5)
  A deep troll (shapeshifter) (D:13)
  An orange crystal statue (D:15)
  2 wizards
  14 bog bodies
  7 orc knights
  2 harpies (Lair:5)
  4 mana vipers
  4 manticores
  7 orc sorcerers (Orc:2)
  2 deep elf pyromancers (D:13)
  27 ugly things
  7 salamanders
  4 cyclopes
  2 wolf spiders
  3 will-o-the-wisps
  14 elephants (Lair:5)
  8 naga magi
  A guardian serpent (Snake:1)
  A smoke demon (Orc:2)
  An orange demon (Swamp:4)
  A molten gargoyle (Lair:5)
  14 black mambas
  11 cane toads
  2 gargoyles
  16 komodo dragons
  6 rime drakes
  2 efreet
  A yaktaur (D:15)
  A hellwing (Orc:2)
  A merfolk (D:15)
  9 meliai
  A queen bee (Lair:2)
  6 tyrant leeches
  5 trolls
  A polar bear (shapeshifter) (D:8)
  17 hornets
  2 polar bears
  9 dream sheep
  2 bloated husks (Swamp:1)
  19 blink frogs
  A blink frog (shapeshifter) (D:13)
  26 slime creatures
  A culicivora (shapeshifter) (D:15)
  34 yaks
  2 fire bats (Lair:5)
  4 wyverns
  A ynoxinul (Orc:2)
  5 spriggans
  A water elemental (D:12)
  6 wraiths
  5 shadows
  A large abomination (Swamp:4)
  5 hogs (Snake:3)
  2 steam dragons
  A human (Snake:3)
  5 basilisks
  A golden eye (shapeshifter) (D:13)
  9 vampire mosquitoes
  3 fire elementals (D:13)
  Edmund (D:4)
  2 death yak simulacra (Lair:3)
  4 wargs
  Menkaure (D:5)
  15 nagas
  5 acid dragons
  9 swamp worms
  22 water moccasins
  3 hell hounds (D:13)
  Duvessa (D:6)
  A floating eye (Orc:1)
  2 swamp drakes
  28 orc warriors
  An ice beast (D:6)
  A black bear (D:4)
  7 wolves (Lair:3)
  4 centaurs
  14 ogres
  A phantom (D:6)
  3 kobold brigands
  12 bullfrogs
  2 necrophages (D:6)
  2 scorpions (D:5)
  4 wights (D:8)
  Dowan (D:6)
  25 killer bees
  6 electric eels
  6 howler monkeys
  2 hounds
  23 orc priests
  3 jellies (Lair:5)
  14 iguanas
  18 orc wizards
  A wolf simulacrum (Lair:3)
  4 gnolls
  6 adders
  2 shadow imps (D:5)
  A white imp (D:5)
  An ufetubus (D:6)
  A worm (D:4)
  3 dart slugs (D:4)
  71 orcs
  6 bats
  5 endoplasms
  5 giant cockroaches
  8 goblins
  7 hobgoblins
  8 jackals
  2 quokkas (D:1)
  7 ball pythons
  26 frilled lizards
  36 kobolds
  4 rats
  2 plants
921 creatures vanquished.

Vanquished Creatures (others)
  A swamp worm (Swamp:1)
  A bush (D:9)
  A butterfly (Lair:5)
  14 foxfires
  52 fungi
  85 plants
154 creatures vanquished.

Grand Total: 1075 creatures vanquished

Notes
Turn   | Place    | Note
-------+----------+-------------------------------------------
     0 | D:1      | qw the Gargoyle Fighter began the quest for the Orb.
     0 | D:1      | Reached XP level 1. HP: 14/14 MP: 1/1
     0 | D:1      | 0 ||| qw: Version: 0.2-a-12-gaebbb33
     0 | D:1      | 0 ||| qw: Game counter: 969
     0 | D:1      | 0 ||| qw: Always use a shield: true
     0 | D:1      | 0 ||| qw: God list: Okawaru
     0 | D:1      | 0 ||| qw: Allow faded altars: false
     0 | D:1      | 0 ||| qw: Do Orc after D:15 true
     0 | D:1      | 0 ||| qw: Do second Lair branch before Depths: true
     0 | D:1      | 0 ||| qw: Lair rune preference: random
     0 | D:1      | 0 ||| qw: Plans: Normal, Zot:1-4, God:TSO, Crypt, Tomb,
                  | Pan, Slime:5, Hells, Abyss, Orb
     0 | D:1      | 0 ||| PLANNING D:1-11
    33 | D:1      | 33 ||| Stepping ~*~*~tactically~*~*~ (stealth).
    35 | D:1      | 35 ||| Stepping ~*~*~tactically~*~*~ (stealth).
    72 | D:1      | Found a faded altar of an unknown god.
   100 | D:1      | Reached XP level 2. HP: 19/19 MP: 2/2
   842 | D:1      | 842 ||| UPGRADING to amulet of regeneration.
   847 | D:1      | 847 ||| READING scroll labelled ZICRAN CUOCENIDGHY.
   848 | D:1      | 848 ||| READING scroll labelled ANWYKOGUONE.
   849 | D:1      | 849 ||| READING scroll labelled GEARCH LAIBLETO.
   850 | D:1      | 850 ||| DRINKING 2 sapphire potions.
   851 | D:1      | 851 ||| DRINKING 2 fuming cyan potions.
   852 | D:1      | 852 ||| DROPPING potion of flight.
   930 | D:2      | Reached skill level 3 in Axes
   967 | D:2      | Reached XP level 3. HP: 23/23 MP: 3/3
  1008 | D:2      | You fall into a shaft and drop 1 floor!
  1114 | D:3      | Reached XP level 4. HP: 28/28 MP: 4/4
  1114 | D:3      | 1114 ||| UPGRADING to +0 cloak.
  1119 | D:3      | 1119 ||| READING scroll labelled NOYMISIYNY.
  1120 | D:3      | 1120 ||| READING scroll labelled GOCZED ZOSSOI.
  1121 | D:3      | 1121 ||| READING scroll labelled SAEWYR YTARRUG.
  1299 | D:2      | 1299 ||| READING 3 scrolls labelled QINEG JEUWIQER.
  1300 | D:2      | 1300 ||| READING 2 scrolls of brand weapon.
  1300 | D:2      | 1300 ||| BRANDING +1 war axe of chaos.
  1301 | D:2      | 1301 ||| READING scroll of brand weapon.
  1301 | D:2      | 1301 ||| BRANDING +1 war axe of draining.
  1302 | D:2      | 1302 ||| Stepping randomly (stuck).
  1303 | D:2      | 1303 ||| Stepping randomly (stuck).
  1412 | D:2      | Found Taegi's Assorted Antiques.
  1420 | D:2      | 1420 ||| BUYING chain mail (94 gold).
  1420 | D:2      | Bought a chain mail for 94 gold pieces
  1420 | D:2      | 1420 ||| BUYING dark potion (18 gold).
  1420 | D:2      | Bought a dark potion for 18 gold pieces
  1420 | D:2      | 1420 ||| SHOPLISTING potion of haste (210 gold, have 19).
  1420 | D:2      | 1420 ||| SHOPLISTING runed flail (136 gold, have 19).
  1420 | D:2      | 1420 ||| SHOPLISTING scroll of brand weapon (199 gold, have
                  | 19).
  1420 | D:2      | 1420 ||| SHOPLISTING scroll of enchant weapon (157 gold,
                  | have 19).
  1420 | D:2      | 1420 ||| SHOPLISTING scroll of identify (42 gold, have 19).
  1688 | D:2      | 1688 ||| UPGRADING to +0 chain mail.
  1698 | D:2      | 1698 ||| DROPPING +0 scale mail.
  1699 | D:2      | 1699 ||| DROPPING amulet of guardian spirit.
  1700 | D:2      | 1700 ||| DROPPING amulet of magic regeneration.
  1701 | D:2      | 1701 ||| READING scroll labelled LITWAE AFFUDAN.
  1836 | D:3      | 1836 ||| Stepping ~*~*~tactically~*~*~ (stealth).
  1958 | D:3      | 1958 ||| Stepping ~*~*~tactically~*~*~ (stealth).
  1964 | D:3      | Reached XP level 5. HP: 32/32 MP: 5/5
  1968 | D:3      | 1968 ||| Stepping ~*~*~tactically~*~*~ (stealth).
  1969 | D:3      | 1969 ||| Stepping ~*~*~tactically~*~*~ (stealth).
  2239 | D:3      | Identified the +2 cloak of the Meadowlark {rF+}
  2412 | D:3      | 2412 ||| UPGRADING to +2 cloak of the Meadowlark {rF+}.
  2422 | D:3      | 2422 ||| DROPPING +0 cloak.
  2423 | D:3      | 2423 ||| UPGRADING to ring of willpower.
  2424 | D:3      | 2424 ||| READING scroll labelled JENOFA RIGGEOF.
  2425 | D:3      | 2425 ||| DRINKING 2 grey potions.
  2458 | D:3      | 2458 ||| READING 3 scrolls of identify.
  2458 | D:3      | 2458 ||| IDENTIFYING murky amethyst potion
  2459 | D:3      | 2459 ||| READING 2 scrolls of identify.
  2459 | D:3      | 2459 ||| IDENTIFYING amethyst potion
  2460 | D:3      | 2460 ||| DROPPING potion of degeneration.
  2594 | D:4      | 2594 ||| Stepping ~*~*~tactically~*~*~ (stealth).
  2618 | D:4      | 2618 ||| Stepping ~*~*~tactically~*~*~ (stealth).
  2621 | D:4      | 2621 ||| Stepping ~*~*~tactically~*~*~ (stealth).
  2622 | D:4      | Noticed Edmund
  2634 | D:4      | Killed Edmund
  2635 | D:4      | Reached XP level 6. HP: 12/37 MP: 6/6
  2664 | D:4      | 2664 ||| DROPPING +0 whip.
  2679 | D:4      | Noticed a black bear
  2681 | D:4      | 2681 ||| Stepping ~*~*~tactically~*~*~ (hiding).
  2686 | D:4      | Killed a black bear
  2973 | D:4      | Identified the +6 hand axe "Orb Guardian's Curse" {speed,
                  | *Corrode rN+ Dex+4}
  2977 | D:4      | 2977 ||| Stepping ~*~*~tactically~*~*~ (hiding).
  3104 | D:4      | Found a broken altar of Ashenzari.
  3108 | D:4      | Saw a vision of the Swamp and the Snake Pit.
  3108 | D:4      | Noticed a naga warrior
  3108 | D:4      | Noticed a naga
  3108 | D:4      | Noticed a bloated husk
  3108 | D:4      | Noticed a black mamba
  3108 | D:4      | Noticed a naga mage
  3109 | D:4      | Noticed a black mamba
  3109 | D:4      | Noticed a black mamba
  3249 | D:4      | 3249 ||| READING scroll labelled BELIT ZAPP.
  3278 | D:5      | Entered Level 5 of the Dungeon
  3279 | D:5      | 3279 ||| PLANNING SEWER
  3324 | D:5      | Reached skill level 6 in Axes
  3343 | D:5      | Reached skill level 1 in Dodging
  3343 | D:5      | Reached XP level 7. HP: 43/43 MP: 7/7
  3343 | D:5      | Found a glowing drain.
  3354 | Sewer    | Entered a sewer
  3603 | Sewer    | 3603 ||| DRINKING 5 white potions.
  3603 | Sewer    | Gained mutation: Your muscles are strong. (Str +4, Int/Dex
                  | -1) [potion of mutation]
  3603 | Sewer    | Gained mutation: Your mind is acute. (Int +4, Str/Dex -1)
                  | [potion of mutation]
  3603 | Sewer    | Gained mutation: You have hidden genetic defects. [potion
                  | of mutation]
  3603 | Sewer    | Gained mutation: You expend magic power (3 MP) to
                  | strengthen your wands. [potion of mutation]
  3604 | Sewer    | 3604 ||| DRINKING 2 purple potions.
  3605 | Sewer    | 3605 ||| DRINKING 3 dark potions.
  3620 | D:5      | 3620 ||| PLANNING D:1-11
  3665 | D:5      | 3665 ||| Stepping ~*~*~tactically~*~*~ (hiding).
  3800 | D:5      | 3800 ||| Stepping ~*~*~tactically~*~*~ (hiding).
  3820 | D:5      | 3820 ||| Stepping ~*~*~tactically~*~*~ (stealth).
  3821 | D:5      | 3821 ||| Stepping ~*~*~tactically~*~*~ (stealth).
  3831 | D:5      | Gained mutation: Your magical capacity is low. (-10% MP)
                  | [hidden defects]
  3920 | D:5      | 3920 ||| Stepping ~*~*~tactically~*~*~ (hiding).
  3928 | D:5      | Noticed Menkaure
  3936 | D:5      | Killed Menkaure
  3937 | D:5      | Reached XP level 8. HP: 16/51 MP: 7/7
  3952 | D:5      | Gained mutation: Potions are less effective at restoring
                  | your health. [hidden defects]
  3952 | D:5      | Lost mutation: You have hidden genetic defects. [hidden
                  | defects expressed]
  3973 | D:5      | 3973 ||| DRINKING 4 potions of mutation.
  3973 | D:5      | Lost mutation: Your magical capacity is low. (-10% MP)
                  | [potion of mutation]
  3973 | D:5      | Lost mutation: Your mind is acute. (Int +4, Str/Dex -1)
                  | [potion of mutation]
  3973 | D:5      | Gained mutation: You are partially covered in iridescent
                  | scales. (AC +2) [potion of mutation]
  3973 | D:5      | Lost mutation: Your muscles are strong. (Str +4, Int/Dex
                  | -1) [potion of mutation]
  3974 | D:5      | 3974 ||| DRINKING 3 potions of mutation.
  3974 | D:5      | Lost mutation: You expend magic power (3 MP) to strengthen
                  | your wands. [potion of mutation]
  3974 | D:5      | Lost mutation: Potions are less effective at restoring your
                  | health. [potion of mutation]
  3974 | D:5      | Gained mutation: You are mostly covered in iridescent
                  | scales. (AC +4) [potion of mutation]
  3974 | D:5      | Gained mutation: You have hidden genetic potential. [potion
                  | of mutation]
  3974 | D:5      | Gained mutation: You are strong-willed. (Will+) [potion of
                  | mutation]
  4382 | D:5      | Found a glowing silver altar of Zin.
  4386 | D:5      | 4386 ||| UPGRADING to +4 chain mail.
  4396 | D:5      | 4396 ||| DROPPING +0 chain mail.
  4397 | D:5      | 4397 ||| UPGRADING to +6 ring of strength.
  4398 | D:5      | 4398 ||| READING 2 scrolls of identify.
  4398 | D:5      | 4398 ||| IDENTIFYING fuming coppery potion
  4399 | D:5      | 4399 ||| DROPPING potion of brilliance.
  4685 | D:6      | Found a staircase to the Ecumenical Temple.
  4686 | D:6      | 4686 ||| PLANNING TEMPLE
  4686 | D:6      | 4686 ||| READING scroll labelled VOMICWAFAA.
  4700 | Temple   | Entered the Ecumenical Temple
  4701 | Temple   | 4701 ||| PLANNING OKAWARU WORSHIP
  4766 | Temple   | Became a worshipper of Warmaster Okawaru
  4767 | Temple   | 4767 ||| PLANNING D:1-11
  4893 | D:6      | Reached skill level 6 in Fighting
  4895 | D:6      | 4895 ||| Stepping ~*~*~tactically~*~*~ (hiding).
  4897 | D:6      | 4897 ||| Stepping ~*~*~tactically~*~*~ (hiding).
  5441 | D:6      | Reached * piety under Okawaru
  5442 | D:6      | Reached skill level 9 in Axes
  5473 | D:6      | Reached XP level 9. HP: 53/55 MP: 9/9
  5492 | D:6      | Noticed Duvessa
  5493 | D:6      | 5493 ||| INVOKING Heroism.
  5497 | D:6      | Noticed Dowan
  5500 | D:6      | Killed Duvessa
  5501 | D:6      | Reached skill level 1 in Invocations
  5507 | D:6      | 5507 ||| INVOKING Heroism.
  5508 | D:6      | Killed Dowan
  5514 | D:6      | Gained mutation: You are completely covered in iridescent
                  | scales. (AC +6) [hidden potential]
  5610 | D:6      | 5610 ||| Stepping ~*~*~tactically~*~*~ (stealth).
  6027 | D:6      | 6027 ||| DROPPING ring of flight.
  6028 | D:6      | 6028 ||| READING scroll labelled XIMERA AGGU.
  6029 | D:6      | 6029 ||| DRINKING 2 yellow potions.
  6155 | D:7      | 6155 ||| Stepping ~*~*~tactically~*~*~ (stealth).
  6213 | D:7      | Reached skill level 4 in Shields
  6213 | D:7      | Reached skill level 3 in Invocations
  6230 | D:7      | 6230 ||| Stepping ~*~*~tactically~*~*~ (stealth).
  6644 | D:7      | Found an opulent altar of Gozag.
  6644 | D:7      | Found a sparkling altar of Nemelex Xobeh.
  6762 | D:7      | 6762 ||| READING scroll labelled EMEIFO DE TISHRA.
  6815 | D:8      | 6815 ||| Stepping ~*~*~tactically~*~*~ (stealth).
  6835 | D:8      | 6835 ||| Stepping ~*~*~tactically~*~*~ (stealth).
  6836 | D:8      | 6836 ||| Stepping ~*~*~tactically~*~*~ (hiding).
  6839 | D:8      | 6839 ||| Stepping ~*~*~tactically~*~*~ (hiding).
  6847 | D:8      | 6847 ||| Stepping ~*~*~tactically~*~*~ (stealth).
  6850 | D:8      | Reached ** piety under Okawaru
  6856 | D:8      | 6856 ||| Stepping ~*~*~tactically~*~*~ (stealth).
  6864 | D:8      | 6864 ||| INVOKING Heroism.
  6866 | D:8      | 6866 ||| Stepping ~*~*~tactically~*~*~ (hiding).
  6867 | D:8      | 6867 ||| Stepping ~*~*~tactically~*~*~ (hiding).
  6868 | D:8      | 6868 ||| Stepping ~*~*~tactically~*~*~ (hiding).
  6877 | D:8      | 6877 ||| Stepping ~*~*~tactically~*~*~ (hiding).
  6879 | D:8      | 6879 ||| Stepping ~*~*~tactically~*~*~ (hiding).
  6989 | D:8      | 6989 ||| DROPPING +4 flail of draining.
  7025 | D:8      | 7025 ||| Stepping ~*~*~tactically~*~*~ (stealth).
  7037 | D:8      | 7037 ||| Stepping ~*~*~tactically~*~*~ (stealth).
  7038 | D:8      | 7038 ||| Stepping ~*~*~tactically~*~*~ (stealth).
  7040 | D:8      | Reached skill level 1 in Throwing
  7200 | D:8      | Found a bloodstained altar of Trog.
  7200 | D:8      | Found a glowing golden altar of the Shining One.
  7201 | D:8      | Found a hide-covered altar of Uskayaw.
  7234 | D:8      | Noticed a hornet
  7236 | D:8      | 7236 ||| Stepping ~*~*~tactically~*~*~ (hiding).
  7237 | D:8      | 7237 ||| FLEEEEING.
  7245 | D:8      | Killed a hornet
  7288 | D:8      | Reached XP level 10. HP: 46/64 MP: 13/13
  7289 | D:8      | Reached *** piety under Okawaru
  7291 | D:8      | Gained mutation: You are covered in fur. (AC +1) [hidden
                  | potential]
  7291 | D:8      | Lost mutation: You have hidden genetic potential. [hidden
                  | potential expressed]
  7331 | D:8      | 7331 ||| FLEEEEING.
  7332 | D:8      | 7332 ||| FLEEEEING.
  7333 | D:8      | 7333 ||| FLEEEEING.
  7334 | D:8      | 7334 ||| FLEEEEING.
  7335 | D:8      | 7335 ||| FLEEEEING.
  7338 | D:8      | 7338 ||| INVOKING Heroism.
  7378 | D:8      | Found a runed translucent door.
  7379 | D:8      | Noticed a centaur warrior
  7380 | D:8      | Noticed a deep elf pyromancer
  7381 | D:8      | Found a runed translucent door.
  7462 | D:8      | Noticed Erica
  7463 | D:8      | 7463 ||| Stepping ~*~*~tactically~*~*~ (hiding).
  7467 | D:8      | 7467 ||| INVOKING Heroism.
  7483 | D:8      | Killed Erica
  7484 | D:8      | Reached skill level 6 in Armour
  7667 | D:8      | Noticed a purple ugly thing
  7672 | D:8      | Noticed a two-headed ogre
  7673 | D:8      | 7673 ||| INVOKING Heroism.
  7673 | D:8      | Noticed a gargoyle
  7674 | D:8      | 7674 ||| Stepping ~*~*~tactically~*~*~ (hiding).
  7676 | D:8      | Killed a purple ugly thing
  7677 | D:8      | Reached skill level 5 in Shields
  7680 | D:8      | Killed a two-headed ogre
  7680 | D:8      | Reached **** piety under Okawaru
  7687 | D:8      | Killed a gargoyle
  7723 | D:8      | Identified the ring "Saqelymofeh" {rN++ Will+ Str+6 Int-2
                  | SInv}
  7726 | D:8      | Identified the amulet "Fumide" {RegenMP Str+4}
  7726 | D:8      | Noticed a boulder beetle
  7727 | D:8      | 7727 ||| INVOKING Heroism.
  7731 | D:8      | Noticed a red ugly thing
  7735 | D:8      | Killed a red ugly thing
  7754 | D:8      | 7754 ||| INVOKING Heroism.
  7765 | D:8      | Killed a boulder beetle
  7765 | D:8      | Reached ***** piety under Okawaru
  7765 | D:8      | Received a gift from Okawaru
  7766 | D:8      | Reached skill level 6 in Invocations
  7767 | D:8      | Reached XP level 11. HP: 68/68 MP: 12/15
  7900 | D:8      | Identified the ring "Civuth" {Contam Fly rN+ AC+4}
  7903 | D:8      | Identified the ring "Qoipn" {rC+ Str+4 Slay+4 Stlth-}
  7929 | D:8      | 7929 ||| DROPPING amulet "Fumide" {RegenMP Str+4}.
  7930 | D:8      | 7930 ||| UPGRADING to ring "Saqelymofeh" {rN++ Will+ Str+6
                  | Int-2 SInv}.
  7932 | D:8      | 7932 ||| UPGRADING to ring "Civuth" {Contam Fly rN+ AC+4}.
  7934 | D:8      | 7934 ||| DROPPING ring of willpower.
  7935 | D:8      | 7935 ||| UPGRADING to ring "Qoipn" {rC+ Str+4 Slay+4
                  | Stlth-}.
  7937 | D:8      | 7937 ||| DROPPING +6 ring of strength.
  7938 | D:8      | 7938 ||| READING scroll labelled VIULAI YDANI.
  7939 | D:8      | 7939 ||| READING 2 scrolls of identify.
  7939 | D:8      | 7939 ||| IDENTIFYING fuming silvery potion
  7940 | D:8      | 7940 ||| DROPPING potion of berserk rage.
  7959 | D:8      | Gained mutation: You are frail. (-10% HP) [mutagenic glow]
  7974 | D:9      | 7974 ||| STAIRDANCE
  7978 | D:8      | 7978 ||| DRINKING 3 potions of mutation.
  7978 | D:8      | Lost mutation: You are strong-willed. (Will+) [potion of
                  | mutation]
  7978 | D:8      | Lost mutation: You are covered in fur. (AC +1) [potion of
                  | mutation]
  7978 | D:8      | Lost mutation: You are completely covered in iridescent
                  | scales. (AC +6) [potion of mutation]
  7978 | D:8      | Lost mutation: You are frail. (-10% HP) [potion of
                  | mutation]
  7987 | D:9      | 7987 ||| INVOKING Heroism.
  7988 | D:9      | 7988 ||| STAIRDANCE
  8003 | D:9      | 8003 ||| STAIRDANCE
  8010 | D:9      | 8010 ||| INVOKING Heroism.
  8057 | D:9      | 8057 ||| FLEEEEING.
  8058 | D:9      | 8058 ||| FLEEEEING.
  8073 | D:9      | 8073 ||| FLEEEEING.
  8075 | D:9      | 8075 ||| FLEEEEING.
  8076 | D:9      | 8076 ||| FLEEEEING.
  8077 | D:9      | 8077 ||| FLEEEEING.
  8078 | D:9      | 8078 ||| FLEEEEING.
  8079 | D:9      | 8079 ||| FLEEEEING.
  8080 | D:9      | 8080 ||| FLEEEEING.
  8081 | D:9      | 8081 ||| FLEEEEING.
  8083 | D:9      | 8083 ||| STAIRDANCE
  8094 | D:8      | 8094 ||| UPGRADING to +2 plate armour of willpower.
  8104 | D:8      | 8104 ||| DROPPING +4 chain mail.
  8219 | D:9      | 8219 ||| Stepping ~*~*~tactically~*~*~ (hiding).
  8220 | D:9      | 8220 ||| Stepping ~*~*~tactically~*~*~ (hiding).
  8336 | D:9      | 8336 ||| READING scroll of enchant weapon.
  8336 | D:9      | 8336 ||| ENCHANTING +1 spectral war axe.
  8403 | D:9      | 8403 ||| Stepping ~*~*~tactically~*~*~ (hiding).
  8513 | D:9      | 8513 ||| Stepping ~*~*~tactically~*~*~ (stealth).
  8515 | D:9      | 8515 ||| Stepping ~*~*~tactically~*~*~ (stealth).
  8542 | D:9      | 8542 ||| Stepping ~*~*~tactically~*~*~ (stealth).
  8547 | D:9      | 8547 ||| INVOKING Heroism.
  8548 | D:9      | 8548 ||| Stepping ~*~*~tactically~*~*~ (stealth).
  8721 | D:9      | Noticed a two-headed ogre
  8722 | D:9      | 8722 ||| INVOKING Heroism.
  8725 | D:9      | Killed a two-headed ogre
  8725 | D:9      | Identified the +10 broad axe "Undertaker" {venom, *Rage
                  | rPois rN+++ Will+} (Okawaru gifted it to you on level 9 of
                  | the Dungeon)
  8725 | D:9      | Received a gift from Okawaru
  8737 | D:9      | 8737 ||| DROPPING +10 broad axe "Undertaker" {venom, *Rage
                  | rPois rN+++ Will+}.
  8820 | D:9      | 8820 ||| READING scroll of enchant armour.
  8820 | D:9      | 8820 ||| ENCHANTING +2 plate armour of willpower.
  9001 | D:10     | Entered Level 10 of the Dungeon
  9006 | D:10     | Noticed Harold
  9007 | D:10     | 9007 ||| Stepping ~*~*~tactically~*~*~ (hiding).
  9012 | D:10     | 9012 ||| INVOKING Heroism.
  9015 | D:10     | Killed Harold
  9062 | D:10     | 9062 ||| Stepping ~*~*~tactically~*~*~ (stealth).
  9064 | D:10     | 9064 ||| Stepping ~*~*~tactically~*~*~ (stealth).
  9066 | D:10     | 9066 ||| INVOKING Heroism.
  9071 | D:10     | Reached skill level 9 in Fighting
  9127 | D:10     | 9127 ||| INVOKING Heroism.
  9172 | D:10     | 9172 ||| INVOKING Heroism.
  9347 | D:10     | 9347 ||| INVOKING Heroism.
  9358 | D:10     | Reached skill level 9 in Invocations
  9360 | D:10     | Identified the +2 scale mail "Gynuyw" {rN+ rCorr Str+4
                  | Dex-4} (Okawaru gifted it to you on level 10 of the
                  | Dungeon)
  9360 | D:10     | Received a gift from Okawaru
  9373 | D:10     | 9373 ||| Stepping ~*~*~tactically~*~*~ (stealth).
  9374 | D:10     | 9374 ||| Stepping ~*~*~tactically~*~*~ (stealth).
  9471 | D:10     | Found a white marble altar of Elyvilon.
  9600 | D:10     | 9600 ||| READING scroll of enchant weapon.
  9600 | D:10     | 9600 ||| ENCHANTING +2 spectral war axe.
  9634 | D:10     | 9634 ||| Stepping ~*~*~tactically~*~*~ (stealth).
  9661 | D:10     | Identified the +6 scale mail "Daew" {rF+ Int+4}
  9676 | D:10     | Noticed a two-headed ogre
  9677 | D:10     | 9677 ||| INVOKING Heroism.
  9681 | D:10     | Killed a two-headed ogre
  9682 | D:10     | Reached XP level 12. HP: 76/76 MP: 16/19
  9699 | D:10     | Found a staircase to the Lair.
  9717 | D:10     | Noticed a two-headed ogre
  9725 | D:10     | Killed a two-headed ogre
  9772 | D:10     | 9772 ||| PLANNING LAIR
  9772 | D:10     | 9772 ||| DRINKING 2 fuming emerald potions.
  9773 | D:10     | 9773 ||| READING 4 scrolls of identify.
  9773 | D:10     | 9773 ||| IDENTIFYING pink potion
  9774 | D:10     | 9774 ||| DROPPING potion of ambrosia.
  9775 | D:10     | 9775 ||| DROPPING potion of invisibility.
  9799 | Lair:1   | Entered Level 1 of the Lair of Beasts
  9920 | Lair:1   | Found a transporter.
  9935 | Lair:1   | Found a transporter.
  9935 | Lair:1   | Noticed a rakshasa
  9965 | Lair:1   | 9965 ||| Stepping ~*~*~tactically~*~*~ (stealth).
  9968 | Lair:1   | 9968 ||| INVOKING Heroism.
  9972 | Lair:1   | 9972 ||| Stepping ~*~*~tactically~*~*~ (hiding).
  9975 | Lair:1   | Reached skill level 12 in Axes
  9985 | Lair:1   | Reached skill level 6 in Shields
 10042 | Lair:1   | 10042 ||| Stepping ~*~*~tactically~*~*~ (hiding).
 10352 | Lair:1   | Noticed qw's ghost (journeyman GrFi)
 10556 | Lair:1   | Found a one-way gate to the infinite horrors of the Abyss.
 10603 | Lair:1   | 10603 ||| READING scroll labelled ESTRA OTAIMECE.
 10819 | Lair:2   | Found a staircase to the Snake Pit.
 10824 | Lair:2   | 10824 ||| Stepping ~*~*~tactically~*~*~ (stealth).
 10978 | Lair:2   | Noticed a six-headed hydra
 10979 | Lair:2   | 10979 ||| Stepping ~*~*~tactically~*~*~ (stealth).
 10981 | Lair:2   | 10981 ||| Stepping ~*~*~tactically~*~*~ (stealth).
 10983 | Lair:2   | 10983 ||| Stepping ~*~*~tactically~*~*~ (stealth).
 10985 | Lair:2   | 10985 ||| Stepping ~*~*~tactically~*~*~ (stealth).
 10987 | Lair:2   | 10987 ||| Stepping ~*~*~tactically~*~*~ (stealth).
 10989 | Lair:2   | 10989 ||| Stepping ~*~*~tactically~*~*~ (stealth).
 10991 | Lair:2   | 10991 ||| Stepping ~*~*~tactically~*~*~ (stealth).
 10993 | Lair:2   | 10993 ||| Stepping ~*~*~tactically~*~*~ (stealth).
 10995 | Lair:2   | 10995 ||| Stepping ~*~*~tactically~*~*~ (stealth).
 10997 | Lair:2   | 10997 ||| Stepping ~*~*~tactically~*~*~ (stealth).
 10998 | Lair:2   | 10998 ||| Stepping ~*~*~tactically~*~*~ (stealth).
 11002 | Lair:2   | 11002 ||| INVOKING Heroism.
 11003 | Lair:2   | 11003 ||| SWAPPING to +0 morningstar.
 11004 | Lair:2   | 11004 ||| INVOKING Finesse.
 11010 | Lair:2   | Killed a six-headed hydra
 11010 | Lair:2   | Received a gift from Okawaru
 11011 | Lair:2   | 11011 ||| SWAPPING to +3 spectral war axe.
 11062 | Lair:2   | 11062 ||| Stepping ~*~*~tactically~*~*~ (hiding).
 11168 | Lair:2   | 11168 ||| Stepping ~*~*~tactically~*~*~ (stealth).
 11169 | Lair:2   | 11169 ||| Stepping ~*~*~tactically~*~*~ (stealth).
 11281 | Lair:2   | 11281 ||| INVOKING Heroism.
 11282 | Lair:2   | 11282 ||| Stepping ~*~*~tactically~*~*~ (stealth).
 11283 | Lair:2   | 11283 ||| Stepping ~*~*~tactically~*~*~ (stealth).
 11445 | Lair:2   | 11445 ||| INVOKING Heroism.
 11691 | Lair:3   | Noticed an eight-headed hydra
 11692 | Lair:3   | 11692 ||| INVOKING Heroism.
 11693 | Lair:3   | 11693 ||| INVOKING Finesse.
 11695 | Lair:3   | 11695 ||| SWAPPING to +0 morningstar.
 11701 | Lair:3   | Killed an eight-headed hydra
 11702 | Lair:3   | 11702 ||| SWAPPING to +3 spectral war axe.
 11779 | Lair:3   | 11779 ||| READING scroll of enchant weapon.
 11779 | Lair:3   | 11779 ||| ENCHANTING +3 spectral war axe.
 11799 | Lair:3   | Reached XP level 13. HP: 82/82 MP: 20/20
 11859 | Lair:3   | 11859 ||| INVOKING Heroism.
 11921 | Lair:3   | 11921 ||| INVOKING Heroism.
 11963 | Lair:3   | 11963 ||| Stepping ~*~*~tactically~*~*~ (stealth).
 11964 | Lair:3   | 11964 ||| Stepping ~*~*~tactically~*~*~ (stealth).
 11966 | Lair:3   | 11966 ||| Stepping ~*~*~tactically~*~*~ (stealth).
 11975 | Lair:3   | 11975 ||| INVOKING Heroism.
 12031 | Lair:3   | 12031 ||| INVOKING Heroism.
 12132 | Lair:3   | 12132 ||| INVOKING Heroism.
 12133 | Lair:3   | 12133 ||| Stepping ~*~*~tactically~*~*~ (stealth).
 12228 | Lair:3   | Reached skill level 9 in Armour
 12277 | Lair:3   | 12277 ||| Stepping ~*~*~tactically~*~*~ (stealth).
 12285 | Lair:3   | 12285 ||| Stepping ~*~*~tactically~*~*~ (stealth).
 12290 | Lair:3   | 12290 ||| Stepping ~*~*~tactically~*~*~ (hiding).
 12291 | Lair:3   | 12291 ||| Stepping ~*~*~tactically~*~*~ (hiding).
 12315 | Lair:3   | 12315 ||| READING scroll of enchant armour.
 12315 | Lair:3   | 12315 ||| ENCHANTING +3 plate armour of willpower.
 12456 | Lair:3   | 12456 ||| INVOKING Heroism.
 12475 | Lair:3   | Found a staircase to the Swamp.
 12595 | Lair:3   | 12595 ||| DROPPING +4 ring of protection.
 12607 | Lair:4   | 12607 ||| STAIRDANCE
 12681 | Lair:4   | 12681 ||| INVOKING Heroism.
 12735 | Lair:4   | 12735 ||| Stepping ~*~*~tactically~*~*~ (stealth).
 12743 | Lair:4   | 12743 ||| Stepping ~*~*~tactically~*~*~ (stealth).
 12744 | Lair:4   | 12744 ||| Stepping ~*~*~tactically~*~*~ (stealth).
 12746 | Lair:4   | Reached skill level 7 in Shields
 12746 | Lair:4   | 12746 ||| Stepping ~*~*~tactically~*~*~ (hiding).
 12779 | Lair:4   | 12779 ||| INVOKING Heroism.
 12848 | Lair:4   | Found a runed translucent gate.
 12849 | Lair:4   | Found a runed translucent gate.
 12849 | Lair:4   | Noticed an azure jelly
 12850 | Lair:4   | Found a runed translucent gate.
 12853 | Lair:4   | Noticed an acid blob
 12853 | Lair:4   | Noticed an acid blob
 12853 | Lair:4   | Noticed qw's ghost (journeyman GrFi)
 12853 | Lair:4   | Noticed an acid blob
 12853 | Lair:4   | Noticed an azure jelly
 12853 | Lair:4   | Noticed an azure jelly
 12853 | Lair:4   | Noticed an acid blob
 12854 | Lair:4   | Noticed an acid blob
 12854 | Lair:4   | Noticed an azure jelly
 12855 | Lair:4   | Noticed an acid blob
 12869 | Lair:4   | Found a viscous altar of Jiyva.
 13092 | Lair:5   | Entered Level 5 of the Lair of Beasts
 13122 | Lair:5   | 13122 ||| INVOKING Heroism.
 13153 | Lair:5   | 13153 ||| INVOKING Finesse.
 13155 | Lair:5   | 13155 ||| SWAPPING to +0 morningstar.
 13157 | Lair:5   | 13157 ||| Stepping ~*~*~tactically~*~*~ (stealth).
 13165 | Lair:5   | Identified the +1 hat of Isu Rof {Regen+} (Okawaru gifted
                  | it to you on level 5 of the Lair of Beasts)
 13165 | Lair:5   | Received a gift from Okawaru
 13166 | Lair:5   | 13166 ||| SWAPPING to +4 spectral war axe.
 13207 | Lair:5   | 13207 ||| INVOKING Heroism.
 13242 | Lair:5   | 13242 ||| INVOKING Finesse.
 13251 | Lair:5   | 13251 ||| Stepping ~*~*~tactically~*~*~ (hiding).
 13252 | Lair:5   | 13252 ||| Stepping ~*~*~tactically~*~*~ (stealth).
 13259 | Lair:5   | 13259 ||| Stepping ~*~*~tactically~*~*~ (water).
 13260 | Lair:5   | 13260 ||| INVOKING Heroism.
 13264 | Lair:5   | Reached skill level 15 in Axes
 13266 | Lair:5   | 13266 ||| Stepping ~*~*~tactically~*~*~ (water).
 13270 | Lair:5   | Reached skill level 3 in Dodging
 13291 | Lair:5   | Gained mutation: Your large and strong wings let you fly.
                  | [Gargoyle growth]
 13291 | Lair:5   | Reached XP level 14. HP: 77/91 MP: 19/21
 13336 | Lair:5   | 13336 ||| INVOKING Heroism.
 13341 | Lair:5   | Reached skill level 12 in Fighting
 13364 | Lair:5   | 13364 ||| Stepping ~*~*~tactically~*~*~ (stealth).
 13367 | Lair:5   | 13367 ||| Stepping ~*~*~tactically~*~*~ (stealth).
 13371 | Lair:5   | 13371 ||| Stepping ~*~*~tactically~*~*~ (stealth).
 13376 | Lair:5   | 13376 ||| Stepping ~*~*~tactically~*~*~ (stealth).
 13406 | Lair:5   | 13406 ||| INVOKING Heroism.
 13407 | Lair:5   | 13407 ||| INVOKING Finesse.
 13410 | Lair:5   | 13410 ||| SWAPPING to +0 morningstar.
 13421 | Lair:5   | 13421 ||| SWAPPING to +4 spectral war axe.
 13479 | Lair:5   | 13479 ||| INVOKING Heroism.
 13479 | Lair:5   | Noticed Snorg
 13480 | Lair:5   | 13480 ||| INVOKING Finesse.
 13487 | Lair:5   | Identified the +0 hat "Iweile" {rF++ rCorr MP-9 Str+4}
                  | (Okawaru gifted it to you on level 5 of the Lair of Beasts)
 13487 | Lair:5   | Received a gift from Okawaru
 13495 | Lair:5   | 13495 ||| SWAPPING to +0 morningstar.
 13497 | Lair:5   | Killed Snorg
 13499 | Lair:5   | 13499 ||| Stepping ~*~*~tactically~*~*~ (outnumbered).
 13500 | Lair:5   | 13500 ||| Stepping ~*~*~tactically~*~*~ (outnumbered).
 13514 | Lair:5   | 13514 ||| SWAPPING to +4 spectral war axe.
 13568 | Lair:5   | 13568 ||| INVOKING Heroism.
 13638 | Lair:5   | 13638 ||| INVOKING Heroism.
 13691 | Lair:5   | Found a staircase to the Slime Pits.
 13708 | Lair:5   | 13708 ||| Stepping ~*~*~tactically~*~*~ (hiding).
 13709 | Lair:5   | 13709 ||| Stepping ~*~*~tactically~*~*~ (hiding).
 13710 | Lair:5   | 13710 ||| Stepping ~*~*~tactically~*~*~ (hiding).
 13717 | Lair:5   | 13717 ||| FLEEEEING.
 13750 | Lair:5   | Found a runed translucent gate.
 13750 | Lair:5   | Found a runed translucent gate.
 13750 | Lair:5   | Found a runed translucent gate.
 13756 | Lair:5   | Noticed qw's ghost (journeyman GrFi)
 13860 | Lair:5   | 13860 ||| INVOKING Heroism.
 13861 | Lair:5   | 13861 ||| Stepping ~*~*~tactically~*~*~ (stealth).
 13862 | Lair:5   | 13862 ||| INVOKING Finesse.
 13863 | Lair:5   | 13863 ||| Stepping ~*~*~tactically~*~*~ (stealth).
 13871 | Lair:5   | Reached skill level 8 in Shields
 14279 | Lair:5   | 14279 ||| PLANNING D:1-11
 14279 | Lair:5   | 14279 ||| UPGRADING to +1 hat of Isu Rof {Regen+}.
 14284 | Lair:5   | 14284 ||| UPGRADING to +0 hat "Iweile" {rF++ rCorr MP-9
                  | Str+4}.
 14440 | D:11     | 14440 ||| Stepping ~*~*~tactically~*~*~ (hiding).
 14445 | D:11     | 14445 ||| INVOKING Heroism.
 14470 | D:11     | 14470 ||| Stepping ~*~*~tactically~*~*~ (stealth).
 14475 | D:11     | 14475 ||| Stepping ~*~*~tactically~*~*~ (hiding).
 14478 | D:11     | Noticed Fannar
 14488 | D:11     | Killed Fannar
 14516 | D:11     | Found a staircase to the Orcish Mines.
 14568 | D:11     | 14568 ||| INVOKING Heroism.
 14575 | D:11     | 14575 ||| Stepping ~*~*~tactically~*~*~ (stealth).
 14576 | D:11     | 14576 ||| Stepping ~*~*~tactically~*~*~ (stealth).
 14577 | D:11     | 14577 ||| INVOKING Finesse.
 14951 | D:11     | 14951 ||| PLANNING D
 14951 | D:11     | 14951 ||| READING scroll labelled FYSTAU QAYMEJ.
 15009 | D:12     | 15009 ||| INVOKING Heroism.
 15046 | D:12     | Reached ****** piety under Okawaru
 15046 | D:12     | Identified the +1 pair of gloves of Action {Str+3} (Okawaru
                  | gifted it to you on level 12 of the Dungeon)
 15046 | D:12     | Received a gift from Okawaru
 15051 | D:12     | 15051 ||| READING scroll of enchant weapon.
 15051 | D:12     | 15051 ||| ENCHANTING +4 spectral war axe.
 15077 | D:12     | 15077 ||| Stepping ~*~*~tactically~*~*~ (stealth).
 15097 | D:12     | 15097 ||| READING scroll of enchant weapon.
 15097 | D:12     | 15097 ||| ENCHANTING +5 spectral war axe.
 15171 | D:12     | 15171 ||| Stepping ~*~*~tactically~*~*~ (stealth).
 15197 | D:12     | 15197 ||| Stepping ~*~*~tactically~*~*~ (stealth).
 15198 | D:12     | 15198 ||| Stepping ~*~*~tactically~*~*~ (stealth).
 15272 | D:12     | 15272 ||| Stepping ~*~*~tactically~*~*~ (stealth).
 15322 | D:12     | 15322 ||| Stepping ~*~*~tactically~*~*~ (hiding).
 15519 | D:12     | 15519 ||| UPGRADING to +1 pair of gloves of Action {Str+3}.
 15558 | D:13     | 15558 ||| Stepping ~*~*~tactically~*~*~ (stealth).
 15560 | D:13     | 15560 ||| Stepping ~*~*~tactically~*~*~ (hiding).
 15584 | D:13     | Noticed Azrael
 15585 | D:13     | 15585 ||| INVOKING Heroism.
 15586 | D:13     | 15586 ||| INVOKING Finesse.
 15591 | D:13     | Reached skill level 3 in Throwing
 15599 | D:13     | Killed Azrael
 15600 | D:13     | Reached XP level 15. HP: 53/98 MP: 6/22
 15702 | D:13     | 15702 ||| Stepping ~*~*~tactically~*~*~ (stealth).
 15704 | D:13     | 15704 ||| INVOKING Heroism.
 15707 | D:13     | Reached skill level 9 in Shields
 15707 | D:13     | 15707 ||| Stepping ~*~*~tactically~*~*~ (stealth).
 15727 | D:13     | Found a gate to the Vaults.
 15799 | D:13     | 15799 ||| Stepping ~*~*~tactically~*~*~ (hiding).
 15802 | D:13     | 15802 ||| INVOKING Heroism.
 15913 | D:13     | 15913 ||| FLEEEEING.
 15914 | D:13     | 15914 ||| FLEEEEING.
 15915 | D:13     | 15915 ||| FLEEEEING.
 15916 | D:13     | 15916 ||| FLEEEEING.
 15917 | D:13     | 15917 ||| FLEEEEING.
 15954 | D:13     | 15954 ||| Stepping ~*~*~tactically~*~*~ (hiding).
 15958 | D:13     | 15958 ||| Stepping ~*~*~tactically~*~*~ (stealth).
 15959 | D:13     | 15959 ||| INVOKING Heroism.
 15963 | D:13     | 15963 ||| Stepping ~*~*~tactically~*~*~ (hiding).
 15966 | D:13     | 15966 ||| READING 10 scrolls of teleportation.
 15983 | D:13     | 15983 ||| Stepping ~*~*~tactically~*~*~ (stealth).
 15988 | D:13     | 15988 ||| READING 9 scrolls of teleportation.
 16079 | D:13     | 16079 ||| Stepping ~*~*~tactically~*~*~ (hiding).
 16094 | D:13     | 16094 ||| Stepping ~*~*~tactically~*~*~ (stealth).
 16159 | D:13     | 16159 ||| FLEEEEING.
 16161 | D:13     | 16161 ||| FLEEEEING.
 16162 | D:13     | 16162 ||| FLEEEEING.
 16163 | D:13     | 16163 ||| FLEEEEING.
 16202 | D:13     | 16202 ||| Stepping ~*~*~tactically~*~*~ (stealth).
 16210 | D:13     | 16210 ||| INVOKING Heroism.
 16213 | D:13     | 16213 ||| READING 8 scrolls of teleportation.
 16433 | D:13     | 16433 ||| DROPPING +6 ring of intelligence.
 16449 | D:14     | Noticed Louise
 16450 | D:14     | 16450 ||| INVOKING Heroism.
 16451 | D:14     | 16451 ||| INVOKING Finesse.
 16459 | D:14     | Killed Louise
 16585 | D:14     | 16585 ||| Stepping ~*~*~tactically~*~*~ (hiding).
 16613 | D:14     | Noticed Josephine
 16614 | D:14     | 16614 ||| Stepping ~*~*~tactically~*~*~ (hiding).
 16615 | D:14     | 16615 ||| Stepping ~*~*~tactically~*~*~ (hiding).
 16621 | D:14     | Killed Josephine
 16654 | D:14     | 16654 ||| INVOKING Heroism.
 16713 | D:14     | Found Ysioth's Assorted Antiques.
 16714 | D:14     | 16714 ||| UPGRADING to +0 tower shield.
 16715 | D:14     | 16715 ||| UPGRADING to +0 tower shield.
 16717 | D:14     | 16717 ||| UPGRADING to +0 tower shield.
 16724 | D:14     | 16724 ||| INVOKING Heroism.
 16729 | D:14     | Reached skill level 12 in Armour
 16766 | D:14     | 16766 ||| UPGRADING to +0 buckler.
 16771 | D:14     | 16771 ||| UPGRADING to +0 tower shield.
 16781 | D:14     | 16781 ||| DROPPING +0 buckler.
 16782 | D:14     | 16782 ||| READING 8 scrolls of teleportation.
 16812 | D:14     | 16812 ||| READING 7 scrolls of teleportation.
 16833 | D:14     | 16833 ||| BUYING cabochon ring (135 gold).
 16833 | D:14     | Bought a cabochon ring for 135 gold pieces
 16833 | D:14     | 16833 ||| BUYING glowing war axe (175 gold).
 16833 | D:14     | Bought a glowing war axe for 175 gold pieces
 16833 | D:14     | 16833 ||| BUYING potion of curing (81 gold).
 16833 | D:14     | Bought a potion of curing for 81 gold pieces
 16833 | D:14     | 16833 ||| BUYING scroll of identify (54 gold).
 16833 | D:14     | Bought a scroll of identify for 54 gold pieces
 16833 | D:14     | 16833 ||| BUYING scroll of teleportation (81 gold).
 16833 | D:14     | Bought a scroll of teleportation for 81 gold pieces
 16833 | D:14     | 16833 ||| DROPPING +1 war axe of venom.
 16885 | D:14     | 16885 ||| INVOKING Heroism.
 17005 | D:14     | Noticed Lodul
 17006 | D:14     | 17006 ||| Stepping ~*~*~tactically~*~*~ (hiding).
 17007 | D:14     | 17007 ||| Stepping ~*~*~tactically~*~*~ (hiding).
 17010 | D:14     | 17010 ||| INVOKING Heroism.
 17012 | D:14     | 17012 ||| DRINKING 12 potions of curing.
 17012 | D:14     | 17012 ||| (to cure confusion)
 17019 | D:14     | Killed Lodul
 17042 | D:14     | 17042 ||| Stepping ~*~*~tactically~*~*~ (hiding).
 17056 | D:14     | Reached skill level 10 in Shields
 17225 | D:14     | 17225 ||| DROPPING ring of poison resistance.
 17241 | D:15     | Entered Level 15 of the Dungeon
 17264 | D:15     | 17264 ||| Stepping ~*~*~tactically~*~*~ (stealth).
 17266 | D:15     | 17266 ||| Stepping ~*~*~tactically~*~*~ (stealth).
 17268 | D:15     | 17268 ||| Stepping ~*~*~tactically~*~*~ (hiding).
 17272 | D:15     | 17272 ||| INVOKING Heroism.
 17275 | D:15     | Identified the +5 battleaxe of Hubris {pain, *Slow rElec
                  | Str-5 Stlth+} (Okawaru gifted it to you on level 15 of the
                  | Dungeon)
 17275 | D:15     | Received a gift from Okawaru
 17325 | D:15     | 17325 ||| INVOKING Heroism.
 17333 | D:15     | 17333 ||| INVOKING Finesse.
 17347 | D:15     | Reached skill level 11 in Shields
 17445 | D:15     | Identified the +2 ring mail of Shielding {rF+ Dex+5 Slay-4}
 17462 | D:15     | 17462 ||| Stepping ~*~*~tactically~*~*~ (stealth).
 17506 | D:15     | 17506 ||| Stepping ~*~*~tactically~*~*~ (hiding).
 17507 | D:15     | 17507 ||| INVOKING Heroism.
 17560 | D:15     | 17560 ||| INVOKING Heroism.
 17561 | D:15     | 17561 ||| Stepping ~*~*~tactically~*~*~ (hiding).
 17579 | D:15     | 17579 ||| READING scroll of enchant armour.
 17579 | D:15     | 17579 ||| ENCHANTING +4 plate armour of willpower.
 17618 | D:15     | Reached skill level 12 in Shields
 17697 | D:15     | 17697 ||| Stepping ~*~*~tactically~*~*~ (stealth).
 17705 | D:15     | 17705 ||| INVOKING Heroism.
 17794 | D:15     | 17794 ||| Stepping ~*~*~tactically~*~*~ (hiding).
 17923 | D:15     | 17923 ||| INVOKING Heroism.
 17924 | D:15     | 17924 ||| INVOKING Finesse.
 17926 | D:15     | 17926 ||| SWAPPING to +0 morningstar.
 17934 | D:15     | 17934 ||| SWAPPING to +6 spectral war axe.
 18009 | D:15     | 18009 ||| INVOKING Heroism.
 18024 | D:15     | Reached XP level 16. HP: 89/106 MP: 12/23
 18027 | D:15     | Reached skill level 13 in Shields
 18267 | D:15     | Found a staircase to the Depths.
 18478 | D:15     | 18478 ||| PLANNING ORC
 18478 | D:15     | 18478 ||| DROPPING +2 chain mail of cold resistance.
 18479 | D:15     | 18479 ||| DROPPING +6 scale mail "Daew" {rF+ Int+4}.
 18603 | Orc:1    | Entered Level 1 of the Orcish Mines
 18757 | Orc:1    | 18757 ||| Stepping ~*~*~tactically~*~*~ (stealth).
 18762 | Orc:1    | 18762 ||| INVOKING Heroism.
 18780 | Orc:1    | 18780 ||| Stepping ~*~*~tactically~*~*~ (stealth).
 18782 | Orc:1    | 18782 ||| Stepping ~*~*~tactically~*~*~ (hiding).
 18890 | Orc:1    | 18890 ||| READING scroll of enchant armour.
 18890 | Orc:1    | 18890 ||| ENCHANTING +5 plate armour of willpower.
 19033 | Orc:1    | 19033 ||| INVOKING Heroism.
 19128 | Orc:1    | Found Koages's Weapon Shoppe.
 19134 | Orc:1    | 19134 ||| BUYING +2 morningstar of protection (201 gold).
 19134 | Orc:1    | Bought a +2 morningstar of protection for 201 gold pieces
 19134 | Orc:1    | 19134 ||| DROPPING +0 morningstar.
 19308 | Orc:2    | Entered Level 2 of the Orcish Mines
 19308 | Orc:2    | Found Mewessag's Armour Emporium.
 19309 | Orc:2    | 19309 ||| STAIRDANCE
 19315 | Orc:2    | 19315 ||| STAIRDANCE
 19317 | Orc:1    | 19317 ||| INVOKING Heroism.
 19334 | Orc:2    | 19334 ||| STAIRDANCE
 19365 | Orc:2    | 19365 ||| BUYING +2 helmet of see invisible (301 gold).
 19365 | Orc:2    | Bought a +2 helmet of see invisible for 301 gold pieces
 19365 | Orc:2    | 19365 ||| BUYING +2 plate armour of fire resistance (560
                  | gold).
 19365 | Orc:2    | Bought a +2 plate armour of fire resistance for 560 gold
                  | pieces
 19401 | Orc:2    | Found a staircase to the Elven Halls.
 19575 | Orc:2    | 19575 ||| INVOKING Heroism.
 19594 | Orc:2    | Reached skill level 14 in Shields
 19600 | Orc:2    | Found Kamirac's General Store.
 19601 | Orc:2    | Found Macemuhu's General Store.
 19611 | Orc:2    | 19611 ||| Stepping ~*~*~tactically~*~*~ (hiding).
 19625 | Orc:2    | 19625 ||| Stepping ~*~*~tactically~*~*~ (hiding).
 19626 | Orc:2    | 19626 ||| Stepping ~*~*~tactically~*~*~ (hiding).
 19630 | Orc:2    | 19630 ||| Stepping ~*~*~tactically~*~*~ (hiding).
 19758 | Orc:2    | 19758 ||| FLEEEEING.
 19759 | Orc:2    | 19759 ||| FLEEEEING.
 19760 | Orc:2    | 19760 ||| FLEEEEING.
 19810 | Orc:2    | 19810 ||| BUYING 2 potions of resistance (300 gold).
 19810 | Orc:2    | Bought 2 potions of resistance for 300 gold pieces
 19810 | Orc:2    | 19810 ||| BUYING potion of curing (45 gold).
 19810 | Orc:2    | Bought a potion of curing for 45 gold pieces
 19812 | Orc:2    | 19812 ||| BUYING potion of curing (51 gold).
 19812 | Orc:2    | Bought a potion of curing for 51 gold pieces
 19817 | Orc:2    | 19817 ||| FLEEEEING.
 19818 | Orc:2    | 19818 ||| FLEEEEING.
 19824 | Orc:2    | 19824 ||| FLEEEEING.
 19825 | Orc:2    | 19825 ||| FLEEEEING.
 19826 | Orc:2    | 19826 ||| FLEEEEING.
 19827 | Orc:2    | 19827 ||| FLEEEEING.
 19829 | Orc:2    | 19829 ||| FLEEEEING.
 19830 | Orc:2    | 19830 ||| FLEEEEING.
 19831 | Orc:2    | 19831 ||| FLEEEEING.
 19834 | Orc:2    | 19834 ||| FLEEEEING.
 19835 | Orc:2    | 19835 ||| FLEEEEING.
 19836 | Orc:2    | 19836 ||| FLEEEEING.
 19837 | Orc:2    | 19837 ||| FLEEEEING.
 19838 | Orc:2    | 19838 ||| FLEEEEING.
 19839 | Orc:2    | 19839 ||| Stepping ~*~*~tactically~*~*~ (hiding).
 19985 | Orc:2    | 19985 ||| Stepping ~*~*~tactically~*~*~ (hiding).
 19989 | Orc:2    | 19989 ||| INVOKING Heroism.
 19993 | Orc:2    | Received a gift from Okawaru
 20024 | Orc:2    | 20024 ||| Stepping ~*~*~tactically~*~*~ (stealth).
 20026 | Orc:2    | 20026 ||| Stepping ~*~*~tactically~*~*~ (hiding).
 20030 | Orc:2    | 20030 ||| Stepping ~*~*~tactically~*~*~ (stealth).
 20031 | Orc:2    | 20031 ||| Stepping ~*~*~tactically~*~*~ (stealth).
 20039 | Orc:2    | 20039 ||| Stepping ~*~*~tactically~*~*~ (stealth).
 20041 | Orc:2    | 20041 ||| Stepping ~*~*~tactically~*~*~ (stealth).
 20047 | Orc:2    | 20047 ||| Stepping ~*~*~tactically~*~*~ (stealth).
 20051 | Orc:2    | 20051 ||| INVOKING Heroism.
 20089 | Orc:2    | 20089 ||| Stepping ~*~*~tactically~*~*~ (stealth).
 20092 | Orc:2    | 20092 ||| Stepping ~*~*~tactically~*~*~ (stealth).
 20095 | Orc:2    | 20095 ||| Stepping ~*~*~tactically~*~*~ (hiding).
 20097 | Orc:2    | 20097 ||| Stepping ~*~*~tactically~*~*~ (hiding).
 20121 | Orc:2    | 20121 ||| Stepping ~*~*~tactically~*~*~ (stealth).
 20122 | Orc:2    | 20122 ||| Stepping ~*~*~tactically~*~*~ (stealth).
 20125 | Orc:2    | 20125 ||| INVOKING Heroism.
 20274 | Orc:2    | 20274 ||| Stepping ~*~*~tactically~*~*~ (hiding).
 20275 | Orc:2    | 20275 ||| INVOKING Heroism.
 20296 | Orc:2    | 20296 ||| Stepping ~*~*~tactically~*~*~ (hiding).
 20304 | Orc:2    | 20304 ||| Stepping ~*~*~tactically~*~*~ (hiding).
 20317 | Orc:2    | 20317 ||| Stepping ~*~*~tactically~*~*~ (hiding).
 20347 | Orc:2    | 20347 ||| Stepping ~*~*~tactically~*~*~ (stealth).
 20349 | Orc:2    | 20349 ||| INVOKING Heroism.
 20361 | Orc:2    | Reached skill level 15 in Shields
 20370 | Orc:2    | 20370 ||| Stepping ~*~*~tactically~*~*~ (stealth).
 20379 | Orc:2    | 20379 ||| Stepping ~*~*~tactically~*~*~ (stealth).
 20400 | Orc:2    | 20400 ||| INVOKING Heroism.
 20401 | Orc:2    | Received a gift from Okawaru
 20417 | Orc:2    | 20417 ||| Stepping ~*~*~tactically~*~*~ (hiding).
 20446 | Orc:2    | 20446 ||| Stepping ~*~*~tactically~*~*~ (stealth).
 20451 | Orc:2    | 20451 ||| Stepping ~*~*~tactically~*~*~ (stealth).
 20461 | Orc:2    | 20461 ||| Stepping ~*~*~tactically~*~*~ (hiding).
 20462 | Orc:2    | 20462 ||| Stepping ~*~*~tactically~*~*~ (hiding).
 20469 | Orc:2    | 20469 ||| INVOKING Heroism.
 20486 | Orc:2    | Found Piof's Antique Weapon Shop.
 20486 | Orc:2    | Found Ugorob's Book Boutique.
 20487 | Orc:2    | Found a one-way gate leading to the halls of Pandemonium.
 20546 | Orc:2    | 20546 ||| PLANNING SWAMP:1-3
 20697 | Swamp:1  | Entered Level 1 of the Swamp
 20749 | Swamp:1  | 20749 ||| INVOKING Heroism.
 20783 | Swamp:1  | Reached skill level 16 in Shields
 20826 | Swamp:1  | 20826 ||| INVOKING Heroism.
 20852 | Swamp:1  | 20852 ||| INVOKING Heroism.
 20985 | Swamp:1  | 20985 ||| INVOKING Heroism.
 20986 | Swamp:1  | 20986 ||| INVOKING Finesse.
 20988 | Swamp:1  | 20988 ||| SWAPPING to +2 morningstar of protection.
 20994 | Swamp:1  | 20994 ||| SWAPPING to +6 spectral war axe.
 21068 | Swamp:1  | 21068 ||| INVOKING Heroism.
 21104 | Swamp:1  | 21104 ||| INVOKING Heroism.
 21105 | Swamp:1  | 21105 ||| SWAPPING to +2 morningstar of protection.
 21106 | Swamp:1  | 21106 ||| INVOKING Finesse.
 21114 | Swamp:1  | 21114 ||| SWAPPING to +6 spectral war axe.
 21223 | Swamp:1  | 21223 ||| Stepping ~*~*~tactically~*~*~ (hiding).
 21318 | Swamp:1  | 21318 ||| INVOKING Heroism.
 21402 | Swamp:1  | Identified the +4 short sword of Lialoqau {elec, rN+}
 21419 | Swamp:1  | 21419 ||| DROPPING amulet of the acrobat.
 21420 | Swamp:1  | 21420 ||| DROPPING ring of fire.
 21421 | Swamp:1  | 21421 ||| READING scroll labelled MIDGHA QYSKUNO.
 21522 | Swamp:1  | 21522 ||| READING 9 scrolls of identify.
 21522 | Swamp:1  | 21522 ||| IDENTIFYING sedimented pink potion
 21545 | Swamp:2  | 21545 ||| INVOKING Heroism.
 21571 | Swamp:2  | Noticed a fenstrider witch
 21572 | Swamp:2  | 21572 ||| Stepping ~*~*~tactically~*~*~ (hiding).
 21581 | Swamp:2  | Killed a fenstrider witch
 21594 | Swamp:2  | 21594 ||| INVOKING Finesse.
 21596 | Swamp:2  | 21596 ||| INVOKING Heroism.
 21598 | Swamp:2  | 21598 ||| SWAPPING to +2 morningstar of protection.
 21603 | Swamp:2  | Reached skill level 17 in Shields
 21603 | Swamp:2  | 21603 ||| SWAPPING to +6 spectral war axe.
 21733 | Swamp:2  | 21733 ||| Stepping ~*~*~tactically~*~*~ (hiding).
 21749 | Swamp:2  | 21749 ||| INVOKING Heroism.
 21750 | Swamp:2  | 21750 ||| SWAPPING to +2 morningstar of protection.
 21751 | Swamp:2  | 21751 ||| INVOKING Finesse.
 21757 | Swamp:2  | 21757 ||| SWAPPING to +6 spectral war axe.
 21758 | Swamp:2  | 21758 ||| SWAPPING to +2 morningstar of protection.
 21759 | Swamp:2  | 21759 ||| SWAPPING to +6 spectral war axe.
 21760 | Swamp:2  | 21760 ||| SWAPPING to +2 morningstar of protection.
 21762 | Swamp:2  | 21762 ||| SWAPPING to +6 spectral war axe.
 21763 | Swamp:2  | 21763 ||| SWAPPING to +2 morningstar of protection.
 21766 | Swamp:2  | 21766 ||| SWAPPING to +6 spectral war axe.
 21767 | Swamp:2  | 21767 ||| SWAPPING to +2 morningstar of protection.
 21769 | Swamp:2  | 21769 ||| SWAPPING to +6 spectral war axe.
 21771 | Swamp:2  | 21771 ||| SWAPPING to +2 morningstar of protection.
 21773 | Swamp:2  | 21773 ||| SWAPPING to +6 spectral war axe.
 21774 | Swamp:2  | 21774 ||| SWAPPING to +2 morningstar of protection.
 21780 | Swamp:2  | 21780 ||| SWAPPING to +6 spectral war axe.
 21823 | Swamp:2  | Found an ancient bone altar of Kikubaaqudgha.
 21824 | Swamp:2  | 21824 ||| Stepping ~*~*~tactically~*~*~ (hiding).
 21826 | Swamp:2  | 21826 ||| Stepping ~*~*~tactically~*~*~ (hiding).
 21871 | Swamp:2  | Identified the +2 chain mail of the Amoeba {Int+5}
 21883 | Swamp:2  | 21883 ||| Stepping ~*~*~tactically~*~*~ (stealth).
 21884 | Swamp:2  | 21884 ||| Stepping ~*~*~tactically~*~*~ (stealth).
 21887 | Swamp:2  | 21887 ||| Stepping ~*~*~tactically~*~*~ (hiding).
 21953 | Swamp:2  | Reached XP level 17. HP: 111/111 MP: 15/24
 21982 | Swamp:2  | 21982 ||| Stepping ~*~*~tactically~*~*~ (hiding).
 21984 | Swamp:2  | 21984 ||| INVOKING Heroism.
 22018 | Swamp:2  | 22018 ||| Stepping ~*~*~tactically~*~*~ (stealth).
 22020 | Swamp:2  | 22020 ||| Stepping ~*~*~tactically~*~*~ (hiding).
 22228 | Swamp:2  | 22228 ||| Stepping ~*~*~tactically~*~*~ (hiding).
 22341 | Swamp:2  | 22341 ||| Stepping ~*~*~tactically~*~*~ (hiding).
 22488 | Swamp:2  | 22488 ||| INVOKING Heroism.
 22490 | Swamp:2  | 22490 ||| SWAPPING to +2 morningstar of protection.
 22497 | Swamp:2  | 22497 ||| SWAPPING to +6 spectral war axe.
 22572 | Swamp:3  | 22572 ||| INVOKING Heroism.
 22574 | Swamp:3  | 22574 ||| STAIRDANCE
 22610 | Swamp:3  | 22610 ||| Stepping ~*~*~tactically~*~*~ (hiding).
 22613 | Swamp:3  | 22613 ||| INVOKING Heroism.
 22618 | Swamp:3  | Reached skill level 18 in Shields
 22657 | Swamp:3  | 22657 ||| Stepping ~*~*~tactically~*~*~ (stealth).
 22694 | Swamp:3  | 22694 ||| Stepping ~*~*~tactically~*~*~ (stealth).
 22757 | Swamp:3  | 22757 ||| Stepping ~*~*~tactically~*~*~ (stealth).
 22759 | Swamp:3  | 22759 ||| Stepping ~*~*~tactically~*~*~ (hiding).
 22848 | Swamp:3  | 22848 ||| INVOKING Heroism.
 22873 | Swamp:3  | Noticed Mara
 22874 | Swamp:3  | 22874 ||| INVOKING Finesse.
 22883 | Swamp:3  | Killed Mara
 22972 | Swamp:3  | 22972 ||| READING scroll of enchant armour.
 22972 | Swamp:3  | 22972 ||| ENCHANTING +6 plate armour of willpower.
 23144 | Swamp:3  | 23144 ||| PLANNING SNAKE:1-3
 23261 | Snake:1  | Entered Level 1 of the Snake Pit
 23362 | Snake:1  | 23362 ||| Stepping ~*~*~tactically~*~*~ (hiding).
 23390 | Snake:1  | 23390 ||| Stepping ~*~*~tactically~*~*~ (stealth).
 23392 | Snake:1  | 23392 ||| Stepping ~*~*~tactically~*~*~ (stealth).
 23395 | Snake:1  | Reached skill level 15 in Fighting
 23402 | Snake:1  | 23402 ||| Stepping ~*~*~tactically~*~*~ (hiding).
 23434 | Snake:1  | Received a gift from Okawaru
 23496 | Snake:1  | 23496 ||| Stepping ~*~*~tactically~*~*~ (hiding).
 23499 | Snake:1  | 23499 ||| Stepping ~*~*~tactically~*~*~ (stealth).
 23508 | Snake:1  | 23508 ||| Stepping ~*~*~tactically~*~*~ (hiding).
 23512 | Snake:1  | 23512 ||| Stepping ~*~*~tactically~*~*~ (hiding).
 23662 | Snake:1  | 23662 ||| INVOKING Heroism.
 24127 | Snake:1  | 24127 ||| DROPPING +1 pair of gloves of strength.
 24151 | Snake:2  | 24151 ||| STAIRDANCE
 24159 | Snake:2  | 24159 ||| STAIRDANCE
 24178 | Snake:2  | 24178 ||| Stepping ~*~*~tactically~*~*~ (hiding).
 24186 | Snake:2  | 24186 ||| INVOKING Heroism.
 24224 | Snake:2  | 24224 ||| Stepping ~*~*~tactically~*~*~ (stealth).
 24285 | Snake:2  | Found a burning altar of Makhleb.
 24289 | Snake:2  | 24289 ||| Stepping ~*~*~tactically~*~*~ (hiding).
 24290 | Snake:2  | 24290 ||| Stepping ~*~*~tactically~*~*~ (hiding).
 24291 | Snake:2  | 24291 ||| Stepping ~*~*~tactically~*~*~ (hiding).
 24293 | Snake:2  | 24293 ||| Stepping ~*~*~tactically~*~*~ (hiding).
 24294 | Snake:2  | 24294 ||| Stepping ~*~*~tactically~*~*~ (hiding).
 24295 | Snake:2  | 24295 ||| INVOKING Heroism.
 24354 | Snake:2  | 24354 ||| Stepping ~*~*~tactically~*~*~ (hiding).
 24590 | Snake:2  | Found Bepteaz's General Store.
 24593 | Snake:2  | 24593 ||| Stepping ~*~*~tactically~*~*~ (hiding).
 24703 | Snake:2  | 24703 ||| BUYING +0 pair of boots of stealth (207 gold).
 24703 | Snake:2  | Bought a +0 pair of boots of stealth for 207 gold pieces
 24703 | Snake:2  | 24703 ||| BUYING scroll of teleportation (54 gold).
 24703 | Snake:2  | Bought a scroll of teleportation for 54 gold pieces
 24725 | Snake:2  | 24725 ||| Stepping ~*~*~tactically~*~*~ (hiding).
 24726 | Snake:2  | 24726 ||| Stepping ~*~*~tactically~*~*~ (hiding).
 24927 | Snake:2  | 24927 ||| UPGRADING to +0 pair of boots of stealth.
 24942 | Snake:3  | 24942 ||| INVOKING Heroism.
 24954 | Snake:3  | Noticed Kirke
 24966 | Snake:3  | Killed Kirke
 24984 | Snake:3  | 24984 ||| INVOKING Heroism.
 25188 | Snake:3  | 25188 ||| Stepping ~*~*~tactically~*~*~ (hiding).
 25211 | Snake:3  | 25211 ||| INVOKING Heroism.
 25351 | Snake:3  | 25351 ||| INVOKING Heroism.
 25405 | Snake:3  | 25405 ||| Stepping ~*~*~tactically~*~*~ (stealth).
 25407 | Snake:3  | 25407 ||| Stepping ~*~*~tactically~*~*~ (hiding).
 25411 | Snake:3  | 25411 ||| Stepping ~*~*~tactically~*~*~ (hiding).
 25416 | Snake:3  | 25416 ||| INVOKING Heroism.
 25774 | Snake:3  | 25774 ||| Stepping ~*~*~tactically~*~*~ (hiding).
 25817 | Snake:3  | Noticed Aizul
 25818 | Snake:3  | 25818 ||| INVOKING Heroism.
 25819 | Snake:3  | 25819 ||| INVOKING Finesse.
 25823 | Snake:3  | Killed Aizul
 25960 | Snake:3  | 25960 ||| PLANNING SWAMP:4
 25960 | Snake:3  | 25960 ||| READING 14 scrolls of identify.
 25960 | Snake:3  | 25960 ||| IDENTIFYING green potion
 26164 | Swamp:4  | Entered Level 4 of the Swamp
 26173 | Swamp:4  | Received a gift from Okawaru
 26182 | Swamp:4  | 26182 ||| Stepping ~*~*~tactically~*~*~ (stealth).
 26184 | Swamp:4  | 26184 ||| Stepping ~*~*~tactically~*~*~ (stealth).
 26187 | Swamp:4  | 26187 ||| Stepping ~*~*~tactically~*~*~ (stealth).
 26190 | Swamp:4  | 26190 ||| INVOKING Heroism.
 26191 | Swamp:4  | 26191 ||| SWAPPING to +2 morningstar of protection.
 26196 | Swamp:4  | 26196 ||| Stepping ~*~*~tactically~*~*~ (stealth).
 26199 | Swamp:4  | 26199 ||| SWAPPING to +6 spectral war axe.
 26211 | Swamp:4  | 26211 ||| SWAPPING to +2 morningstar of protection.
 26217 | Swamp:4  | 26217 ||| SWAPPING to +6 spectral war axe.
 26221 | Swamp:4  | 26221 ||| Stepping ~*~*~tactically~*~*~ (stealth).
 26222 | Swamp:4  | 26222 ||| Stepping ~*~*~tactically~*~*~ (stealth).
 26276 | Swamp:4  | 26276 ||| INVOKING Heroism.
 26278 | Swamp:4  | Reached XP level 18. HP: 116/119 MP: 13/25
 26278 | Swamp:4  | 26278 ||| Stepping ~*~*~tactically~*~*~ (cloud).
 26281 | Swamp:4  | 26281 ||| DROPPING +2 morningstar of protection.
 26314 | Swamp:4  | 26314 ||| Stepping ~*~*~tactically~*~*~ (stealth).
 26318 | Swamp:4  | 26318 ||| Stepping ~*~*~tactically~*~*~ (stealth).
 26326 | Swamp:4  | 26326 ||| FLEEEEING.
 26327 | Swamp:4  | 26327 ||| FLEEEEING.
 26328 | Swamp:4  | 26328 ||| FLEEEEING.
 26329 | Swamp:4  | 26329 ||| FLEEEEING.
 26330 | Swamp:4  | 26330 ||| FLEEEEING.
 26342 | Swamp:4  | 26342 ||| INVOKING Heroism.
 26360 | Swamp:4  | 26360 ||| Stepping ~*~*~tactically~*~*~ (stealth).
 26384 | Swamp:4  | 26384 ||| INVOKING Heroism.
 26393 | Swamp:4  | 26393 ||| Stepping ~*~*~tactically~*~*~ (stealth).
 26394 | Swamp:4  | 26394 ||| Stepping ~*~*~tactically~*~*~ (stealth).
 26399 | Swamp:4  | HP: 30/120 [16-headed hydra (7)]
 26400 | Swamp:4  | 26400 ||| READING 10 scrolls of teleportation.
 26401 | Swamp:4  | 26401 ||| DRINKING 8 potions of heal wounds.
 26403 | Swamp:4  | 26403 ||| DRINKING 7 potions of heal wounds.
 26404 | Swamp:4  | HP: 24/120 [19-headed hydra (9)]
 26405 | Swamp:4  | 26405 ||| DRINKING 6 potions of heal wounds.
 26514 | Swamp:4  | 26514 ||| Stepping ~*~*~tactically~*~*~ (cloud).
 26530 | Swamp:4  | Noticed a tentacled monstrosity
 26531 | Swamp:4  | 26531 ||| INVOKING Heroism.
 26533 | Swamp:4  | 26533 ||| INVOKING Finesse.
 26540 | Swamp:4  | Killed a tentacled monstrosity
 26548 | Swamp:4  | 26548 ||| READING 9 scrolls of teleportation.
 26549 | Swamp:4  | 26549 ||| Stepping randomly (cloudy).
 26554 | Swamp:4  | 26554 ||| Stepping ~*~*~tactically~*~*~ (cloud).
 26556 | Swamp:4  | 26556 ||| Stepping ~*~*~tactically~*~*~ (stealth).
 26575 | Swamp:4  | 26575 ||| INVOKING Heroism.
 26575 | Swamp:4  | HP: 20/120 [large slime creature (19)]
 26576 | Swamp:4  | 26576 ||| READING 8 scrolls of teleportation.
 26576 | Swamp:4  | HP: 6/120 [cyan very ugly thing (6)]
 26577 | Swamp:4  | 26577 ||| DRINKING 5 potions of heal wounds.
 26578 | Swamp:4  | 26578 ||| DRINKING 4 potions of heal wounds.
 26584 | Swamp:4  | Reached skill level 19 in Shields
 26615 | Swamp:4  | 26615 ||| Stepping ~*~*~tactically~*~*~ (stealth).
 26624 | Swamp:4  | 26624 ||| Stepping ~*~*~tactically~*~*~ (stealth).
 26628 | Swamp:4  | 26628 ||| Stepping ~*~*~tactically~*~*~ (stealth).
 26635 | Swamp:4  | 26635 ||| INVOKING Heroism.
 26651 | Swamp:4  | 26651 ||| Stepping ~*~*~tactically~*~*~ (hiding).
 26653 | Swamp:4  | 26653 ||| INVOKING Heroism.
 26670 | Swamp:4  | 26670 ||| Stepping ~*~*~tactically~*~*~ (hiding).
 26747 | Swamp:4  | Noticed the 27-headed Lernaean hydra
 26748 | Swamp:4  | 26748 ||| INVOKING Heroism.
 26752 | Swamp:4  | Received a gift from Okawaru
 26757 | Swamp:4  | 26757 ||| Stepping ~*~*~tactically~*~*~ (hiding).
 26758 | Swamp:4  | 26758 ||| Stepping ~*~*~tactically~*~*~ (hiding).
 26759 | Swamp:4  | 26759 ||| Stepping ~*~*~tactically~*~*~ (hiding).
 26765 | Swamp:4  | HP: 30/120 [the 26-headed Lernaean hydra (2)]
 26766 | Swamp:4  | 26766 ||| READING 7 scrolls of teleportation.
 26766 | Swamp:4  | HP: 6/120 [the 26-headed Lernaean hydra (11)]
 26766 | Swamp:4  | HP: 2/120 [15-headed hydra (4)]
 26767 | Swamp:4  | 26767 ||| DRINKING 3 potions of heal wounds.
 26767 | Swamp:4  | Slain by the 26-headed Lernaean hydra

Levels and vault maps discovered:
D:1:      giann_horns, layout_loops_ring, hellmonk_ecumenical_altar_zigzags,
          minmay_misc_feat_five
D:2:      layout_loops_ring, serial_shops, nicolae_shop_waterfront, st_stairs_7,
          grunt_ministairs_1, kennysheep_generic_room_7
D:3:      layout_basic
D:4:      layout_cave_pools, grunt_ashenzari_visionary
          [grunt_ashenzari_visionary_swamp, grunt_ashenzari_visionary_snake],
          grunt_ministairs_15, uniq_edmund
D:5:      layout_gridville, zin_treasury, cheibrodos_sewer_entry_sluice,
          grunt_ministairs_14, uniq_menkaure
D:6:      layout_layer_cave, minmay_temple_entry_glass, nicolae_hexahallways,
          chequers_serial_rivers_small_b, uniq_duvessa
D:7:      layout_loops_ring, grunt_temple_overflow_opulence
D:8:      minmay_the_grid_triangle_9x9_recursive_2
          [minmay_the_grid_triangle_9x9_prize_special,
          minmay_the_grid_triangle_9x9_tough_junction,
          minmay_the_grid_triangle_9x9_sparse_checkered,
          minmay_the_grid_triangle_9x9_semitri], layout_basic,
          grunt_temple_overflow_open, nicolae_straight_to_the_point, uniq_erica
D:9:      layout_loops_cross, kennysheep_decorative_pillar,
          kb_lookout_dungeons_type, solitary_fountain
D:10:     layout_irregular_city, nicolae_overflow_crystal_walls,
          due_lair_maze_entry_diamond, uniq_harold
D:11:     lemuel_ice_spiral_2, layout_rooms, david_orc_4, uniq_fannar
D:12:     layout_big_octagon, serial_bayou, serial_bayou_pond_b,
          serial_bayou_pond_a, serial_bayou_shore_b, serial_bayou_lake_a,
          serial_bayou_ford_a
D:13:     layout_gridville, david_vaults_2, uniq_azrael
D:14:     layout_roguey, serial_shops, nicolae_shop_hallway_plus,
          uniq_josephine, uniq_lodul, uniq_louise
D:15:     hangedman_depths_entry_try_elsewhere_first, layout_loops_corners,
          dreamdust_wishing_well, minivault_16
Temple:   eino_temple_lava
Lair:1:   layout_gridlike, gammafunk_ghost_abyssal_escape, serial_bayou_shore_a
Lair:2:   layout_roguey, minmay_snake_entry_six_corridors, special_room
          [special_room_bee]
Lair:3:   lemuel_reptile_caves, layout_chaotic_city, swamp_mist,
          portal_ice_cave_entry_ice_simulacra
Lair:4:   layout_hall_layers, gammafunk_ghost_ooze
Lair:5:   gammafunk_lair_ancient_temple, layout_gridlike,
          nicolae_slime_entry_slimehenge, maelrawn_ghost_gauntlet_escape,
          st_stairs_8, lemuel_fruit_fields, uniq_snorg
Swamp:1:  layout_basic_swamp, wheals_swamp_sinkhole, swamp_pool1
Swamp:2:  layout_basic_swamp, evilmike_swamp_ruin_house_5, swamp_pool3,
          grunt_ruined_hall
Swamp:3:  layout_falls_marsh, evilmike_swamp_ruin_house_1, uniq_mara
Swamp:4:  swamp_vile, layout_basic_swamp, swamp_pool3,
          nicolae_swamp_well_well_well
Snake:1:  nicolae_snake_nest, layout_onion_interference
Snake:2:  layout_onion_interference, basic_altar, lemuel_fruit_tree,
          minmay_shop_star
Snake:3:  layout_onion_interference, uniq_aizul, uniq_kirke
Orc:1:    hellmonk_paralyzer, layout_caves, serial_shops, shop
Orc:2:    pf_orc_diabolical, layout_caves, serial_shops, shop

Skill      XL: |  1  2  3  4  5  6  7  8  9 10 11 12 13 14 15 16 17 18 |
---------------+-------------------------------------------------------+-----
Axes           | 2 3 4 5 6 7 9 10 11 13 15 16 | 16.0
Fighting       | 4 5 6 7 8 9 10 11 13 14 15 16 | 16.0
Dodging        | 1 2 3 4 |  4.1
Invocations    | 4 6 9 10 | 10.0
Armour         | 4 6 7 8 9 11 12 14 | 14.4
Shields        | 4 5 6 7 8 12 17 18 19 | 19.0
Throwing       | 1 2 3 |  3.0

Action                   |  1- 3 |  4- 6 |  7- 9 | 10-12 | 13-15 | 16-18 || total
-------------------------+-------+-------+-------+-------+-------+-------++-------
Melee: War axe           |   106 |    67 |   206 |   291 |   679 |   696 ||  2045
       Morningstar       |       |       |       |    11 |    37 |    42 ||    90
Throw: Boomerang         |       |       |     9 |    14 |    97 |   101 ||   221
       Javelin           |       |       |       |     5 |       |       ||     5
Invok: Heroism           |       |       |     3 |    20 |    37 |    44 ||   104
       Finesse           |       |       |       |     2 |    10 |     7 ||    19
  Use: Scroll            |     3 |    11 |     4 |     8 |    10 |     9 ||    45
       Potion            |     2 |     1 |     6 |     2 |     1 |     6 ||    18
 Stab: Distracted        |       |       |       |     3 |    10 |    16 ||    29
Armor: Scale mail        |    81 |     2 |       |       |       |       ||    83
       Chain mail        |       |    16 |   117 |    47 |       |       ||   180
       Plate armour      |       |       |       |    99 |   261 |   656 ||  1016
Dodge: Dodged            |    40 |    12 |    48 |    70 |   153 |   290 ||   613
Block: Buckler           |    12 |     6 |    21 |    48 |    71 |       ||   158
       Tower shield      |       |       |       |       |    88 |   647 ||   735

Table legend:
 A = Non-vault XP
 B = Vault XP
 C = Vault XP percentage of total XP
 D = Non-vault monster count
 E = Vault monster count
 F = Vault count percentage of total count
                 A         B        C        D         E       F
            +---------+---------+-------+---------+---------+-------
      Total |  172226 |   90402 |  34.4 |     588 |     330 |  35.9
            +---------+---------+-------+---------+---------+-------
        D:1 |      27 |       0 |   0.0 |      15 |       0 |   0.0
        D:2 |      12 |      12 |  50.0 |       8 |       6 |  42.9
        D:3 |     130 |       0 |   0.0 |      20 |       0 |   0.0
        D:4 |     167 |     178 |  51.6 |      15 |       3 |  16.7
        D:5 |     519 |     216 |  29.4 |      18 |       8 |  30.8
        D:6 |    1058 |     211 |  16.6 |      17 |       2 |  10.5
        D:7 |     366 |       0 |   0.0 |      13 |       0 |   0.0
        D:8 |     972 |    5680 |  85.4 |      28 |      17 |  37.8
        D:9 |    1653 |     112 |   6.3 |      18 |       1 |   5.3
       D:10 |    5801 |    2356 |  28.9 |      32 |       9 |  22.0
       D:11 |    3343 |    1557 |  31.8 |      10 |      16 |  61.5
       D:12 |    2683 |    1318 |  32.9 |      14 |       4 |  22.2
       D:13 |    7055 |    3212 |  31.3 |      23 |      10 |  30.3
       D:14 |    9555 |    4315 |  31.1 |      19 |      14 |  42.4
       D:15 |   18673 |    3075 |  14.1 |      35 |       5 |  12.5
     Lair:1 |    4505 |       0 |   0.0 |      19 |       0 |   0.0
     Lair:2 |    3563 |    2670 |  42.8 |      12 |      29 |  70.7
     Lair:3 |    6541 |    2573 |  28.2 |      31 |      38 |  55.1
     Lair:4 |    4713 |       0 |   0.0 |      18 |       0 |   0.0
     Lair:5 |   19841 |   11986 |  37.7 |      44 |      30 |  40.5
    Swamp:1 |   13034 |       0 |   0.0 |      30 |       0 |   0.0
    Swamp:2 |    6594 |    8934 |  57.5 |      13 |      13 |  50.0
    Swamp:3 |    8248 |    4066 |  33.0 |      13 |       1 |   7.1
    Swamp:4 |   10525 |   13162 |  55.6 |      17 |      20 |  54.1
    Snake:1 |   15504 |       0 |   0.0 |      30 |       0 |   0.0
    Snake:2 |    8223 |       0 |   0.0 |      16 |       0 |   0.0
    Snake:3 |   13707 |    3457 |  20.1 |      24 |       7 |  22.6
      Orc:1 |    1796 |    4367 |  70.9 |      14 |      10 |  41.7
      Orc:2 |    3418 |   16802 |  83.1 |      22 |      63 |  74.1
      Sewer |       0 |     143 | 100.0 |       0 |      24 | 100.0
            +---------+---------+-------+---------+---------+-------
